 Dungeon Crawl Stone Soup version 0.24-a0-784-g601f8f6d22 (webtiles) character file.

Game seed: 3254010424647929183, levelgen mode: deterministic

5376 Kohma the Cleaver (level 10, -1/73 HPs)
             Began as a Formicid Fighter on Oct 9, 2019.
             Was an Initiate of Ashenzari.
             Shot with a bolt by a yaktaur captain (9 damage)
             ... on level 15 of the Dungeon.
             The game lasted 00:20:41 (8706 turns).

Kohma the Cleaver (Formicid Fighter)                Turns: 8706, Time: 00:20:42

Health: -1/73      AC: 13    Str: 33    XL:     10   Next: 97%
Magic:  1/1        EV:  8    Int:  8    God:    Ashenzari [......]
Gold:   320        SH: 12    Dex: 10    Spells: 9/9 levels left

rFire    + . .     SeeInvis +   a - +1 war axe
rCold    x . .     Gourm    .   c - +0 shield
rNeg     . . .     Faith    .   s - +0 plate armour
rPois    .         Spirit   .   (helmet unavailable)
rElec    .         Reflect  .   p - +0 cloak
rCorr    .         Harm     .   (no gloves)
MR       +....                  (no boots)
Stlth    ..........             i - amulet of magic regeneration
HPRegen  0.22/turn              b - +3 ring of strength
MPRegen  0.32/turn              n - ring of Omeora {Fire MP-9 Str+6}

@: no status effects
A: permanent stasis, dig shafts and tunnels, four strong arms, antennae 3
a: Dig, Shaft Self, Curse Item, Renounce Religion


You were on level 15 of the Dungeon.
You worshipped Ashenzari.
Ashenzari was noncommittal.
You were very hungry.

You visited 2 branches of the dungeon, and saw 12 of its levels.
You also visited: Sewer.

You collected 320 gold pieces.

Inventory:

Hand Weapons
 a - a +1 war axe (weapon)
Missiles
 h - 17 boomerangs
 j - 60 poisoned darts (quivered)
 r - 167 arrows
Armour
 c - a +0 shield (worn)
 p - a +0 cloak (worn)
 s - a +0 plate armour (worn)
Jewellery
 b - a +3 ring of strength (left hand)
 i - an amulet of magic regeneration (around neck)
 n - the ring of Omeora (right hand) {Fire MP-9 Str+6}
   (You found it on level 4 of the Dungeon)

   [ring of fire]

   It enhances your fire magic.
   It affects your strength (+6).
   It protects you from fire.
   It makes you vulnerable to cold.
   It affects your magic capacity (-9).
 v - an uncursed ring of protection from fire
 E - an uncursed ring of ice
Wands
 o - a wand of acid (8)
 z - a wand of disintegration (12)
Scrolls
 d - a scroll of acquirement {unknown}
 g - 7 scrolls of remove curse
 q - a scroll of identify
 w - a scroll of fear
 y - a scroll of blinking {unknown}
Potions
 e - 5 potions of cancellation
 k - a potion of brilliance
 l - 2 potions of lignification
 m - 7 potions of curing
 t - 2 potions of magic
 u - a potion of heal wounds {unknown}
 x - 2 potions of haste
 B - a potion of mutation {unknown}
 C - a potion of ambrosia {unknown}
 D - 3 potions of flight
 G - a potion of agility {unknown}
Comestibles
 f - 18 rations


   Skills:
 + Level 4.4 Fighting
 * Level 13.1 Axes
 + Level 4.4 Armour
 - Level 9.0 Shields


You had 9 spell levels left.
You didn't know any spells.
Your spell library contained the following spells:

 Spells                   Type           Power        Failure   Level  Hunger
 Sting                    Conj/Pois      #...         98%         1    ##.....
 Poisonous Vapours        Pois/Air       #.....       99%         2    ###....
 Conjure Flame            Conj/Fire      #.......     100%        3    ####...
 Mephitic Cloud           Conj/Pois/Air  #.......     100%        3    ####...
 Recall                   Summ/Tloc      N/A          100%        3    ####...
 Animate Dead             Necr           N/A          100%        4    #####..
 Olgreb's Toxic Radiance  Pois           #.......     100%        4    #####..
 Borgnjor's Vile Clutch   Necr/Erth      #.........   100%        5    ######.
 Venom Bolt               Conj/Pois      #.........   100%        5    ######.
 Death Channel            Necr           #.........   100%        6    #######
 Freezing Cloud           Conj/Ice/Air   #.........   100%        6    #######
 Simulacrum               Ice/Necr       #.........   100%        6    #######
 Ring of Flames           Chrm/Fire      #.........   100%        7    #######


Dungeon Overview and Level Annotations

Branches:
Dungeon (9/15)             Temple (1/1) D:6          Depths (0/5) D:15
  Sewer (visited)
   Lair: D:8-11         Orc: D:9-12

Altars:
Ashenzari
Cheibriados
Dithmenos
Fedhas
Gozag
Hepliaklqana
Kikubaaqudgha
Nemelex Xobeh
Okawaru
Qazlal
Ru
Trog
Uskayaw
Vehumet
Wu Jian
Xom
Yredelemnul
Zin
The Shining One

Portals:
Ice
Cave: D:12

Annotations:
D:8 2 transporters, Arixos's ghost, novice FeTm


Innate Abilities, Weirdness & Mutations

You cannot be hasted, slowed, berserked, paralysed or teleported.
You can dig through walls and to a lower floor.
Your four strong arms can wield two-handed weapons with a shield.
You have a pair of large antennae on your head. (SInv)


Message History

The wind drake hisses angrily.
You open the door.
There is an open door here.
The wind drake exhales a fierce blast of wind!
You are blown backwards!
The wind drake bites you.
* * * LOW HITPOINT WARNING * * *
A deep troll comes into view.
The wind drake begins deflecting missiles!
You open the door.
The wind drake exhales a fierce blast of wind!
The ogre mage casts a spell.
The ogre mage flickers and vanishes for a moment.
The yaktaur captain shoots a bolt.
The bolt hits you.
* * * LOW HITPOINT WARNING * * *
You block the two-headed ogre's attack. x2
Found a stone staircase leading up.
The wind drake exhales a fierce blast of wind!
You are blown backwards!
The yaktaur captain shoots a bolt.
The bolt hits you!
You die...

.....# .....#
#....#
.##+##....#
....<.....#
..........#
..........#
.......@..#
#....###'###
#....##.(..#
+.......kO.#
#..........#
#..#....O..#
#.....c##'##
..#T......#
####.###....#


You could see a yaktaur captain, a wind drake, a two-headed ogre, an ogre mage
(invisible) and a deep troll.

Vanquished Creatures
  A hippogriff (D:7)
  4 hogs (D:7)
  Grum (D:8)
  A human (D:7)
  2 hungry ghosts
  2 orc warriors
  3 ice beasts
  A black bear (D:8)
  4 phantoms
  6 ogres
  5 centaurs
  3 wolves (D:8)
  5 bullfrogs
  Blork the orc (D:5)
  A wyvern skeleton (D:6)
  A scorpion (D:8)
  7 wights
  3 crimson imps
  3 howler monkeys (D:8)
  7 hounds
  A centaur zombie (D:5)
  A jelly (D:7)
  A centaur skeleton (D:4)
  2 orc priests
  A bullfrog skeleton (D:6)
  A gnoll shaman (D:4)
  2 iguanas (D:6)
  5 orc wizards
  7 worker ants
  A hound skeleton (D:8)
  13 adders
  5 gnolls (D:4)
  A river rat (D:4)
  2 shadow imps (D:8)
  An ooze (D:4)
  3 adder skeletons
  5 worms
  2 dart slugs (D:1)
  6 leopard geckos
  22 orcs
  6 ball pythons
  2 giant cockroaches
  9 goblins
  7 hobgoblins
  13 jackals
  15 kobolds
  3 quokkas
  5 bats
  9 frilled lizards
  A jackal skeleton (D:8)
  4 jackal zombies
  A leopard gecko skeleton (D:4)
  A quokka skeleton (D:4)
  A quokka zombie (D:6)
  5 rats
  4 plants (Sewer)
229 creatures vanquished.

Vanquished Creatures (others)
  A big kobold (D:7)
  An iguana (D:7)
  An orc wizard (D:7)
3 creatures vanquished.

Grand Total: 232 creatures vanquished

Notes
Turn   | Place    | Note
-------+----------+-------------------------------------------
     0 | D:1      | Kohma the Formicid Fighter began the quest for the Orb.
     0 | D:1      | Reached XP level 1. HP: 18/18 MP: 1/1
   117 | D:1      | Reached XP level 2. HP: 19/24 MP: 2/2
   409 | D:1      | Reached XP level 3. HP: 29/29 MP: 3/3
   410 | D:1      | Reached skill level 3 in Axes
  1080 | D:2      | Reached XP level 4. HP: 31/35 MP: 4/4
  1987 | D:3      | Reached skill level 4 in Axes
  2008 | D:3      | Reached XP level 5. HP: 36/41 MP: 5/5
  2038 | D:3      | Reached skill level 5 in Shields
  2749 | D:4      | Noticed a phantom
  2765 | D:4      | Reached XP level 6. HP: 25/47 MP: 6/6
  2775 | D:4      | Reached skill level 5 in Axes
  3054 | D:4      | Noticed an ogre
  3064 | D:4      | Killed an ogre
  3268 | D:4      | Reached XP level 7. HP: 52/52 MP: 7/7
  3316 | D:4      | Reached skill level 6 in Axes
  3352 | D:4      | Got a faintly glowing copper ring
  3353 | D:4      | Identified the ring of Omeora {Fire MP-9 Str+6} (You found
                  | it on level 4 of the Dungeon)
  3382 | D:4      | Found a glowing drain.
  3387 | Sewer    | Entered a sewer
  4355 | D:4      | Reached skill level 7 in Axes
  4355 | D:4      | Reached XP level 8. HP: 58/58 MP: 0/8
  4523 | D:5      | Entered Level 5 of the Dungeon
  4726 | D:5      | Reached skill level 8 in Axes
  4921 | D:5      | Reached XP level 9. HP: 53/64 MP: 0/9
  5216 | D:5      | Reached skill level 9 in Axes
  5533 | D:6      | Noticed Blork the orc
  5545 | D:5      | Killed Blork the orc
  5635 | D:6      | Reached skill level 10 in Axes
  5663 | D:6      | Found an ornate altar of the Wu Jian Council.
  6137 | D:6      | Found a staircase to the Ecumenical Temple.
  6151 | Temple   | Entered the Ecumenical Temple
  6162 | Temple   | Became a worshipper of Ashenzari the Shackled
  6687 | D:7      | Reached skill level 11 in Axes
  6694 | D:7      | Reached XP level 10. HP: 42/70 MP: 1/10
  6934 | D:7      | Reached skill level 12 in Axes
  7272 | D:7      | Found a shimmering altar of Xom.
  7562 | D:8      | Found a sacrificial altar of Ru.
  7711 | D:8      | Found a transporter.
  7711 | D:8      | Found a transporter.
  7724 | D:8      | Identified the +6 short sword "Puddosiu" {antimagic, rF+
                  | Int+4 Dex+2}
  7724 | D:8      | Noticed a moth of wrath
  7725 | D:8      | Noticed Arixos's ghost (novice FeTm)
  7727 | D:8      | Found a bloodstained altar of Trog.
  7943 | D:8      | Noticed Grum
  7958 | D:8      | Killed Grum
  7968 | D:8      | Reached skill level 13 in Axes
  8582 | D:8      | Found a blossoming altar of Fedhas.
  8690 | D:9      | You fall into a shaft and drop 3 floors!
  8690 | D:12     | Found a frozen archway.
  8693 | D:12     | You fall into a shaft and drop 3 floors!
  8693 | D:15     | Entered Level 15 of the Dungeon
  8693 | D:15     | Found a staircase to the Depths.
  8693 | D:15     | Noticed a yaktaur captain
  8693 | D:15     | Noticed an ogre mage
  8696 | D:15     | Noticed a two-headed ogre
  8703 | D:15     | Noticed a deep troll
  8706 | D:15     | Shot with a bolt by a yaktaur captain

Levels and vault maps discovered:
D:1:      dpeg_arrival_renting, layout_rooms
D:2:      layout_basic
D:3:      layout_loops_ring
D:4:      layout_basic, gup_sewer_entry_bowl
D:5:      layout_loops_corners, first_ration
D:6:      layout_rooms, nicolae_overflow_hidden_temple,
          minmay_temple_entry_offerings, basic_altar, uniq_blork_the_orc
D:7:      layout_rooms, grunt_livestock, xom_confusion_cloud
D:8:      kennysheep_six_static_rooms, layout_basic, kennysheep_mini_moat,
          gammafunk_ghost_wrathful_warriors, fedhas_ov_isle_minmay, uniq_grum
D:9:      layout_roguey, kennysheep_little_box, grunt_temple_overflow_open
D:12:     layout_gridville, hiddenorc2_lemuel, portal_ice_cave_entry_ice_beasts,
          serial_shops, shop
D:15:     hangedman_depths_entry_civil_slaughter, layout_gridville,
          chequers_serial_rivers_small_a, drop_trap
Temple:   lightli_temple_of_artemis

Skill      XL: |  1  2  3  4  5  6  7  8  9 10 |
---------------+-------------------------------+-----
Shields        | 4 5 6 8 9 |  9.0
Axes           | 3 4 5 7 8 11 13 | 13.1
Fighting       | 4 |  4.4
Armour         | 4 |  4.4

Action                   |  1- 3 |  4- 6 |  7- 9 | 10-12 || total
-------------------------+-------+-------+-------+-------++-------
Melee: War axe           |    81 |   186 |   427 |   252 ||   946
Throw: Dart              |       |     1 |       |       ||     1
       Boomerang         |       |     1 |       |       ||     1
 Abil: Shaft Self        |       |       |       |     2 ||     2
  Use: Scroll            |       |     4 |     4 |     5 ||    13
       Potion            |       |     1 |       |       ||     1
  Eat: Chunk             |       |     8 |    15 |     7 ||    30
Armor: Scale mail        |    33 |    13 |       |       ||    46
       Chain mail        |       |    85 |   103 |       ||   188
       Plate armour      |       |       |    42 |    89 ||   131
Dodge: Dodged            |    23 |    57 |    89 |    57 ||   226
Block: Shield            |    39 |   101 |   261 |   168 ||   569

Table legend:
 A = Non-vault XP
 B = Vault XP
 C = Vault XP percentage of total XP
 D = Non-vault monster count
 E = Vault monster count
 F = Vault count percentage of total count
                 A         B        C        D         E       F
            +---------+---------+-------+---------+---------+-------
      Total |    5375 |    2306 |  30.0 |     180 |      45 |  20.0
            +---------+---------+-------+---------+---------+-------
        D:1 |      55 |       0 |   0.0 |      21 |       0 |   0.0
        D:2 |      70 |       0 |   0.0 |      25 |       0 |   0.0
        D:3 |     121 |       0 |   0.0 |      16 |       0 |   0.0
        D:4 |     880 |      20 |   2.2 |      28 |       4 |  12.5
        D:5 |    1293 |      85 |   6.2 |      24 |       1 |   4.0
        D:6 |     872 |       0 |   0.0 |      26 |       0 |   0.0
        D:7 |    1045 |    1283 |  55.1 |      15 |       9 |  37.5
        D:8 |    1039 |     859 |  45.3 |      25 |       9 |  26.5
      Sewer |       0 |      59 | 100.0 |       0 |      22 | 100.0
            +---------+---------+-------+---------+---------+-------
